[ AOE2 MATCH · #495719156 ]
UnrankedKhmer vs Tatars
Player's team · LOSS
Rival team · WIN
[ REPLAY ANALYSIS · EXTRACTED FROM THE RECORDED GAME ]
Feudal
8:54
Castle
20:44
Imperial
44:54
| APM avg | 62.6 |
| APM peak | 147 |
| eAPM avg | 33.4 |
| Villagers / military | 194 / 313 |
Focus
⚔️ 43.0% · 🌾 57.0%
Spearman ×143 · Archer ×95 · Knight ×44 · Trebuchet (Packed) ×8 · Monk ×6 · Scorpion ×6
Feudal
8:56
Castle
21:58
Imperial
43:04
| APM avg | 71.6 |
| APM peak | 118 |
| eAPM avg | 36.2 |
| Villagers / military | 239 / 287 |
Focus
⚔️ 42.8% · 🌾 57.2%
Scout Cavalry ×101 · Skirmisher ×63 · Camel Scout ×60 · Knight ×35 · Steppe Lancer ×9 · Spearman ×6
Match map
Initial resources + every placement click. Lines = walls · curves = elevation contours. ◆ gold · ⬟ stone · ● berries · ✦ relic · ◌ wall gap
Your base· Open — opponent sealed themselves in
Papillon's base· ✓ Closed at 21:58 · 35t walls · 2 gate(s)
Smoothed initial terrain · ◌ = detected wall gap · hover for details
Inputs per minute
— dehinker - - Papillon
Build order — dehinker
First 150 of 652 actions detected
| 0:00 | Queue | Villager (Male) |
| 0:00 | Queue | Villager (Male) |
| 0:02 | Build | House |
| 0:02 | Build | House |
| 0:17 | Queue | Villager (Male) |
| 0:20 | Queue | Villager (Male) |
| 1:28 | Queue | Villager (Male) |
| 1:59 | Queue | Villager (Male) |
| 2:11 | Queue | Villager (Male) |
| 2:18 | Build | Lumber Camp |
| 2:41 | Queue | Villager (Male) |
| 3:02 | Queue | Villager (Male) |
| 3:42 | Queue | Villager (Male) |
| 3:42 | Queue | Villager (Male) |
| 3:50 | Build | House |
| 3:56 | Queue | Villager (Male) |
| 4:06 | Queue | Villager (Male) |
| 4:20 | Queue | Villager (Male) |
| 5:17 | Queue | Villager (Male) |
| 5:35 | Build | Mill |
| 5:38 | Queue | Villager (Male) |
| 5:50 | Research | Loom |
| 5:56 | Queue | Villager (Male) |
| 6:08 | Research | Loom |
| 6:44 | Research | Feudal Age |
| 6:44 | Research | Feudal Age |
| 7:41 | Build | House |
| 8:21 | Queue | Villager (Male) |
| 8:23 | Queue | Villager (Male) |
| 8:24 | Queue | Villager (Male) |
| 8:54 | Age | Feudal Age |
| 9:03 | Build | Stable |
| 9:18 | Research | Double-Bit Axe |
| 9:18 | Research | Horse Collar |
| 9:18 | Research | Horse Collar |
| 9:32 | Build | Mill |
| 9:47 | Build | House |
| 9:48 | Queue | Scout Cavalry |
| 9:48 | Queue | Scout Cavalry |
| 9:58 | Build | Farm |
| 9:59 | Build | Farm |
| 10:00 | Build | Farm |
| 10:05 | Build | Farm |
| 10:10 | Queue | Villager (Male) |
| 10:20 | Queue | Villager (Male) |
| 10:28 | Build | Farm |
| 10:39 | Build | House |
| 10:46 | Build | Farm |
| 10:52 | Queue | Villager (Male) |
| 10:53 | Queue | Scout Cavalry |
| 11:01 | Build | Farm |
| 11:14 | Build | Farm |
| 11:18 | Queue | Villager (Male) |
| 11:38 | Build | Farm |
| 11:45 | Queue | Villager (Male) |
| 11:52 | Build | House |
| 11:56 | Build | House |
| 11:59 | Queue | Villager (Male) |
| 12:11 | Build | Farm |
| 12:43 | Queue | Villager (Male) |
| 12:54 | Queue | Villager (Male) |
| 12:55 | Build | Farm |
| 12:56 | Build | Farm |
| 12:57 | Build | Farm |
| 12:59 | Queue | Villager (Male) |
| 13:00 | Queue | Scout Cavalry |
| 13:11 | Build | Mining Camp |
| 13:22 | Build | House |
| 13:25 | Build | House |
| 13:27 | Build | House |
| 13:30 | Queue | Scout Cavalry |
| 13:31 | Queue | Villager (Male) |
| 13:37 | Build | Palisade Wall |
| 13:44 | Queue | Villager (Male) |
| 13:57 | Build | Archery Range |
| 13:59 | Queue | Villager (Male) |
| 14:22 | Queue | Villager (Male) |
| 14:34 | Build | Farm |
| 14:40 | Research | Bloodlines |
| 14:47 | Build | House |
| 14:52 | Queue | Villager (Male) |
| 14:52 | Queue | Archer |
| 15:05 | Build | Farm |
| 15:08 | Build | Farm |
| 15:11 | Queue | Archer |
| 15:11 | Queue | Villager (Male) |
| 15:21 | Queue | Villager (Male) |
| 15:39 | Queue | Villager (Male) |
| 15:42 | Build | Farm |
| 15:44 | Build | Farm |
| 15:50 | Queue | Villager (Male) |
| 15:58 | Build | Farm |
| 15:59 | Queue | Archer |
| 16:24 | Build | House |
| 16:26 | Build | Palisade Wall |
| 16:31 | Queue | Villager (Male) |
| 16:37 | Build | Farm |
| 16:39 | Queue | Archer |
| 16:50 | Queue | Archer |
| 17:02 | Queue | Villager (Male) |
| 17:17 | Queue | Archer |
| 17:18 | Build | Blacksmith |
| 17:25 | Build | Palisade Wall |
| 18:04 | Research | Castle Age |
| 18:05 | Research | Castle Age |
| 18:08 | Build | Stable |
| 18:45 | Research | Scale Barding Armor |
| 18:45 | Research | Forging |
| 18:46 | Research | Forging |
| 19:02 | Build | Mining Camp |
| 19:09 | Build | Mining Camp |
| 19:16 | Build | Mining Camp |
| 19:26 | Build | Stable |
| 19:35 | Research | Gold Mining |
| 19:35 | Research | Gold Mining |
| 20:32 | Build | House |
| 20:34 | Build | Palisade Wall |
| 20:36 | Build | House |
| 20:44 | Age | Castle Age |
| 20:47 | Queue | Knight |
| 20:47 | Queue | Knight |
| 20:48 | Research | Husbandry |
| 20:53 | Queue | Knight |
| 20:57 | Queue | Villager (Male) |
| 21:00 | Build | House |
| 21:03 | Build | Palisade Wall |
| 21:04 | Build | Palisade Wall |
| 21:09 | Queue | Knight |
| 21:29 | Queue | Knight |
| 21:32 | Research | Chain Barding Armor |
| 21:32 | Research | Chain Barding Armor |
| 21:34 | Queue | Villager (Male) |
| 21:36 | Build | Siege Workshop |
| 21:43 | Queue | Villager (Male) |
| 21:56 | Queue | Knight |
| 21:56 | Queue | Knight |
| 21:57 | Queue | Knight |
| 21:57 | Queue | Knight |
| 22:06 | Queue | Knight |
| 22:07 | Queue | Knight |
| 22:22 | Queue | Villager (Male) |
| 22:23 | Queue | Villager (Male) |
| 22:28 | Queue | Knight |
| 22:28 | Queue | Knight |
| 22:34 | Queue | Knight |
| 22:57 | Queue | Villager (Male) |
| 22:58 | Queue | Knight |
| 22:58 | Queue | Knight |
| 23:03 | Build | Palisade Wall |
| 23:16 | Queue | Villager (Male) |
Build order — Papillon
First 150 of 757 actions detected
| 0:00 | Queue | Villager (Male) |
| 0:01 | Queue | Villager (Male) |
| 0:02 | Build | House |
| 0:03 | Build | House |
| 0:08 | Queue | Villager (Male) |
| 0:11 | Queue | Villager (Male) |
| 1:27 | Queue | Villager (Male) |
| 1:27 | Queue | Villager (Male) |
| 1:52 | Queue | Villager (Male) |
| 1:52 | Queue | Villager (Male) |
| 1:52 | Queue | Villager (Male) |
| 2:09 | Build | Lumber Camp |
| 2:21 | Queue | Villager (Male) |
| 2:21 | Queue | Villager (Male) |
| 2:50 | Build | House |
| 2:52 | Queue | Villager (Male) |
| 2:53 | Queue | Villager (Male) |
| 2:53 | Queue | Villager (Male) |
| 3:27 | Queue | Villager (Male) |
| 3:27 | Queue | Villager (Male) |
| 3:27 | Queue | Villager (Male) |
| 3:53 | Queue | Villager (Male) |
| 3:54 | Queue | Villager (Male) |
| 4:08 | Queue | Villager (Male) |
| 4:09 | Queue | Villager (Male) |
| 4:46 | Queue | Villager (Male) |
| 4:46 | Queue | Villager (Male) |
| 4:49 | Build | Mill |
| 5:00 | Queue | Villager (Male) |
| 5:01 | Queue | Villager (Male) |
| 5:44 | Queue | Villager (Male) |
| 5:57 | Queue | Villager (Male) |
| 6:11 | Research | Loom |
| 6:22 | Build | Palisade Wall |
| 6:23 | Build | Palisade Wall |
| 6:46 | Research | Feudal Age |
| 6:46 | Research | Feudal Age |
| 8:19 | Build | House |
| 8:27 | Build | Barracks |
| 8:56 | Age | Feudal Age |
| 8:57 | Queue | Villager (Male) |
| 8:57 | Queue | Villager (Male) |
| 9:11 | Queue | Villager (Male) |
| 9:12 | Queue | Villager (Male) |
| 9:29 | Queue | Villager (Male) |
| 9:31 | Build | Stable |
| 9:37 | Queue | Spearman |
| 9:39 | Research | Double-Bit Axe |
| 9:48 | Build | Mill |
| 9:51 | Build | Palisade Wall |
| 9:56 | Build | Palisade Wall |
| 10:09 | Build | Palisade Wall |
| 10:10 | Build | Palisade Wall |
| 10:11 | Build | Palisade Wall |
| 10:11 | Build | Palisade Wall |
| 10:13 | Queue | Scout Cavalry |
| 10:14 | Queue | Scout Cavalry |
| 10:16 | Queue | Scout Cavalry |
| 10:41 | Build | Farm |
| 10:47 | Queue | Villager (Male) |
| 10:47 | Queue | Villager (Male) |
| 10:51 | Build | House |
| 10:59 | Build | House |
| 11:00 | Build | House |
| 11:25 | Queue | Villager (Male) |
| 11:25 | Queue | Villager (Male) |
| 11:29 | Build | House |
| 11:32 | Build | Palisade Wall |
| 11:35 | Queue | Spearman |
| 11:46 | Queue | Scout Cavalry |
| 11:46 | Queue | Scout Cavalry |
| 11:50 | Build | Farm |
| 11:58 | Build | Farm |
| 12:01 | Build | Farm |
| 12:12 | Queue | Villager (Male) |
| 12:18 | Queue | Villager (Male) |
| 12:22 | Build | Palisade Wall |
| 12:27 | Queue | Villager (Male) |
| 12:27 | Queue | Scout Cavalry |
| 12:27 | Queue | Scout Cavalry |
| 12:45 | Queue | Villager (Male) |
| 12:46 | Queue | Villager (Male) |
| 12:55 | Build | Palisade Wall |
| 12:58 | Queue | Villager (Male) |
| 13:16 | Build | Farm |
| 13:32 | Build | Mining Camp |
| 13:37 | Build | Farm |
| 13:38 | Build | Farm |
| 13:48 | Queue | Villager (Male) |
| 13:50 | Build | Farm |
| 14:05 | Queue | Villager (Male) |
| 14:06 | Build | Farm |
| 14:08 | Build | Farm |
| 14:35 | Queue | Villager (Male) |
| 14:37 | Build | Farm |
| 14:40 | Build | Farm |
| 14:45 | Queue | Villager (Male) |
| 14:47 | Build | Farm |
| 15:03 | Queue | Villager (Male) |
| 15:12 | Build | Farm |
| 15:29 | Build | House |
| 15:30 | Build | House |
| 15:31 | Build | Palisade Wall |
| 15:32 | Build | House |
| 15:33 | Build | Palisade Wall |
| 15:36 | Queue | Spearman |
| 15:36 | Queue | Spearman |
| 15:41 | Queue | Villager (Male) |
| 15:45 | Queue | Spearman |
| 15:45 | Queue | Spearman |
| 15:57 | Build | Palisade Wall |
| 16:19 | Queue | Villager (Male) |
| 16:21 | Build | Farm |
| 16:46 | Queue | Villager (Male) |
| 16:46 | Queue | Villager (Male) |
| 16:48 | Build | Palisade Wall |
| 17:01 | Queue | Villager (Male) |
| 17:01 | Queue | Villager (Male) |
| 17:08 | Queue | Villager (Male) |
| 17:45 | Build | House |
| 17:49 | Queue | Villager (Male) |
| 17:53 | Build | Farm |
| 18:06 | Build | Farm |
| 18:13 | Build | Blacksmith |
| 18:41 | Build | Farm |
| 19:10 | Build | Palisade Gate |
| 19:12 | Build | Palisade Wall |
| 19:18 | Research | Castle Age |
| 19:22 | Build | House |
| 20:03 | Build | Stable |
| 20:13 | Queue | Villager (Male) |
| 20:56 | Build | Lumber Camp |
| 20:58 | Build | House |
| 21:01 | Build | Gate |
| 21:04 | Build | Palisade Gate |
| 21:14 | Research | Gold Mining |
| 21:15 | Research | Stone Mining |
| 21:18 | Research | Bloodlines |
| 21:18 | Research | Bloodlines |
| 21:19 | Research | Scale Barding Armor |
| 21:58 | Age | Castle Age |
| 22:00 | Queue | Camel Scout |
| 22:01 | Queue | Camel Scout |
| 22:02 | Queue | Villager (Male) |
| 22:17 | Build | Town Center |
| 22:19 | Queue | Villager (Male) |
| 22:28 | Queue | Camel Scout |
| 22:29 | Queue | Camel Scout |
| 22:41 | Research | Husbandry |
| 22:41 | Queue | Camel Scout |
Match timeline
| 6:22 | Papillon · wall_segment Palisade Wall x1 |
| 6:23 | Papillon · wall_segment Palisade Wall x1 |
| 8:27 | Papillon · first_building Barracks |
| 8:54 | dehinker · age_up feudal |
| 8:56 | Papillon · age_up feudal |
| 9:03 | dehinker · first_building Stable |
| 9:31 | Papillon · first_building Stable |
| 9:51 | Papillon · wall_segment Palisade Wall x8 |
| 9:56 | Papillon · wall_segment Palisade Wall x6 |
| 10:09 | Papillon · wall_segment Palisade Wall x1 |
| 10:10 | Papillon · wall_segment Palisade Wall x1 |
| 10:11 | Papillon · wall_segment Palisade Wall x1 |
| 10:11 | Papillon · wall_segment Palisade Wall x1 |
| 11:32 | Papillon · wall_segment Palisade Wall x6 |
| 12:22 | Papillon · wall_segment Palisade Wall x4 |
| 12:55 | Papillon · wall_segment Palisade Wall x1 |
| 13:37 | dehinker · wall_segment Palisade Wall x1 |
| 13:57 | dehinker · first_building Archery Range |
| 15:31 | Papillon · wall_segment Palisade Wall x1 |
| 15:33 | Papillon · wall_segment Palisade Wall x1 |
| 15:57 | Papillon · wall_segment Palisade Wall x1 |
| 16:26 | dehinker · wall_segment Palisade Wall x2 |
| 16:48 | Papillon · wall_segment Palisade Wall x1 |
| 17:25 | dehinker · wall_segment Palisade Wall x1 |
| 19:12 | Papillon · wall_segment Palisade Wall x1 |
| 20:34 | dehinker · wall_segment Palisade Wall x1 |
| 20:44 | dehinker · age_up castle |
| 21:03 | dehinker · wall_segment Palisade Wall x1 |
| 21:04 | dehinker · wall_segment Palisade Wall x1 |
| 21:36 | dehinker · first_building Siege Workshop |
| 21:58 | Papillon · age_up castle |
| 23:03 | dehinker · wall_segment Palisade Wall x1 |
| 23:27 | dehinker · first_building Monastery |
| 23:56 | dehinker · wall_segment Palisade Wall x1 |
| 23:56 | dehinker · wall_segment Palisade Wall x1 |
| 23:57 | dehinker · wall_segment Palisade Wall x1 |
| 24:06 | dehinker · wall_segment Palisade Wall x2 |
| 24:22 | Papillon · wall_segment Palisade Wall x1 |
| 24:24 | Papillon · wall_segment Palisade Wall x1 |
| 24:42 | Papillon · wall_segment Palisade Wall x1 |
| 24:53 | Papillon · wall_segment Palisade Wall x1 |
| 25:04 | Papillon · wall_segment Palisade Wall x1 |
| 26:31 | Papillon · first_market_buy 100 food |
| 26:46 | Papillon · first_building Monastery |
| 27:06 | dehinker · wall_segment Palisade Wall x1 |
| 27:08 | dehinker · wall_segment Palisade Wall x1 |
| 27:11 | dehinker · wall_segment Palisade Wall x1 |
| 30:33 | dehinker · first_market_buy 100 food |
| 33:57 | dehinker · first_market_sell 100 food |
| 34:32 | Papillon · first_building Siege Workshop |
| 37:42 | dehinker · first_building Barracks |
| 37:49 | Papillon · first_building Castle |
| 38:23 | dehinker · first_building Castle |
| 39:29 | Papillon · first_market_sell 100 stone |
| 43:04 | Papillon · age_up imperial |
| 44:54 | dehinker · age_up imperial |
| 45:21 | Papillon · first_building Archery Range |
| 45:47 | Papillon · wall_segment Palisade Wall x1 |
| 45:48 | Papillon · wall_segment Palisade Wall x1 |
| 47:15 | dehinker · wall_segment Palisade Wall x1 |
| 48:35 | dehinker · wall_segment Stone Wall x1 |
| 48:37 | dehinker · wall_segment Stone Wall x1 |
| 50:42 | dehinker · wall_segment Palisade Wall x1 |
| 53:40 | dehinker · resign |
[ AI ANALYSIS · 1 CREDIT ]
What really happened in this match?
Wolo.gg analyzes every decision: build order, eco, micro, common mistakes by bracket. Personalized analysis on WhatsApp or Discord in 30 seconds.
Civ guide
Khmer
Perfil
Jugador #2533954